 Dungeon Sprint DCSS version 0.29.1-15-g9cfb28693d (webtiles) character file.

Game seed: 7350398841130516

7 Groucho the Grasshopper (level 1, -1/9 (10) HPs)
             Began as a Felid Warper on Apr 5, 2023.
             Slain by a necrophage (6 damage)
             ... in the Dungeon (Sprint IX: "|||||||||||||||||||||||||||||").
             The game lasted 00:00:33 (424 turns).

Groucho the Grasshopper (Felid Warper)               Turns: 424, Time: 00:00:34

HP:   -1/9 (10)     AC:  1    Str:  7    XL:     1   Next: 91%
MP:   4/4           EV: 18    Int: 14    God:
Gold: 0             SH:  0    Dex: 15    Spells: 4/4 levels left
                                        Lives: 0   Deaths: 0

rFire   . . .      SeeInvis +     - Unarmed
rCold   . . .      Faith    .   (shield unavailable)
rNeg    . . .      Spirit   .   (body armour unavailable)
rPois   .          Reflect  .   (helmet unavailable)
rElec   .          Harm     .   (cloak unavailable)
rCorr   .          Rampage  .   (gloves unavailable)
Will    .....      NoTele   +   (boots unavailable)
Stlth   ++........              (no amulet)
HPRegen 0.03/turn               (no ring)
MPRegen 0.09/turn               (no ring)

@: heavily drained, quick
A: very small, claws 1, fangs 3, see invisible, speed 1, shaggy fur 1, stealthy
paws, no weapons or thrown items, no armour, multi-lived
a: no special abilities


You were in the Dungeon.
You visited 1 branch

Inventory:

Scrolls
 a - 2 scrolls of blinking
Potions
 b - a potion of curing
 c - a potion of heal wounds
 d - a potion of haste
 e - 2 potions of magic
 f - a potion of berserk rage


   Skills:
 + Level 2.3 Fighting
 * Level 4.1 Dodging
 + Level 1.5 Stealth
 * Level 2.7 Unarmed Combat
 + Level 2.3 Spellcasting
 + Level 4.8 Translocations


You had 4 spell levels left.
You didn't know any spells.
Your spell library contained the following spells:

 Spells                   Type           Power      Damage    Failure   Level
 Blink                    Tloc           30%        N/A       4%          2
 Gell's Gravitas          Tloc           15%        N/A       10%         3
 Lesser Beckoning         Tloc           15%        N/A       10%         3
 Teleport Other           Tloc           15%        N/A       10%         3
 Manifold Assault         Tloc           15%        N/A       65%         5


Dungeon Overview and Level Annotations

Branches:
Dungeon (1/1)

Altars:


Innate Abilities, Weirdness & Mutations

You have sharp claws.
You have razor-sharp teeth.
You have supernaturally acute eyesight. (SInv)
You cover ground quickly. (Speed+)
You are covered in fur. (AC +1)
Your paws help you pounce on unaware monsters.
You are incapable of wielding weapons or throwing items.
You cannot wear armour.
You gain extra lives every three experience levels.


Message History

No target in view!
There is an open door to the Dungeon here.
Items here: ( ) †††.
You start resting.
HP restored.
You start waiting.
Done waiting.
You start waiting.
Done waiting.
You start waiting.
Done waiting.
Unknown command.
Okay, then.
You open the door.
A white imp, a scorpion, an ogre, a shadow imp and a necrophage come into view.
The white imp shouts!
The shadow imp shouts!
The ogre shouts!
The necrophage barely misses you.
There is an open door here.
You barely miss the necrophage. The necrophage hits you.
You scratch the necrophage.
The necrophage is lightly damaged.
The necrophage completely misses you.
You scratch the necrophage.
The necrophage is lightly damaged.
The necrophage closely misses you.
You scratch the necrophage.
The necrophage is moderately damaged.
The necrophage hits you.
You feel drained.
You scratch the necrophage.
The necrophage is moderately damaged.
The necrophage hits you.
You closely miss the necrophage.
The necrophage is moderately damaged.
The necrophage barely misses you.
You scratch the necrophage.
The necrophage is heavily damaged.
The necrophage hits you.
Ouch! That really hurt!
You die...

▓+▓
▓5▓
▓s▓
▓O▓
▓5▓
▓n▓
▓@▓
▓.▓
▓.▓
▓.▓
▓.▓
▓.▓
▓)▓
▓.▓
▓.▓


You could see an ogre, a necrophage, a scorpion, a white imp and a shadow imp.

Vanquished Creatures
  A dart slug (D)
  A ball python (D)
  A hobgoblin (D)
  A jackal (D)
  A kobold (D)
5 creatures vanquished.

Notes
Turn   | Place    | Note
-------+----------+-------------------------------------------
     0 | D        | Groucho the Felid Warper began the quest for the Orb.
     0 | D        | Reached XP level 1. HP: 9/9 MP: 4/4
    15 | D        | Reached skill level 1 in Stealth
   416 | D        | Noticed a scorpion
   416 | D        | Noticed an ogre
   416 | D        | Noticed a necrophage
   424 | D        | Slain by a necrophage

Illustrated notes

Levels and vault maps discovered:
D:        linesprint [early_d, line_temple, items_1, d_10, items_2, lair_1,
          lair_end, items_3, orc_1, orc_end, items_4, d_15, swamp_1, shoals_1,
          snake_1, spider_1, d_20, vaults_1, items_5, swamp_end, shoals_end,
          snake_end, spider_end, vaults_end, d_27, items_6, zot_1, zot_end,
          crypt_end, forest_end, elf_end, slime_end, tomb_end, abyss_end,
          pan_hell_end]

Skill      XL: |  1 |
---------------+----+-----
Stealth        | 1 |  1.5
Dodging        | 4 |  4.1
Fighting       | |  2.3
Unarmed Combat | |  2.7
Spellcasting   | |  2.3
Translocations | |  4.8

Action                   || total
-------------------------++-------
Melee: Unarmed           ||    29
       Bite              ||     2
Dodge: Dodged            ||    22
